 Dungeon Crawl Stone Soup version 0.28.0-43-g3370ac3207 (webtiles) character file.

Game seed: 281535641830461732

2741 experimilk the Fighter (level 9, -5/80 HPs)
             Began as a Palentonga Abyssal Knight on Mar 25, 2022.
             Was a Priest of Lugonu.
             Slain by a two-headed ogre
             ... wielding a +0 giant club
              (7 damage)
             ... on level 6 of the Dungeon.
             The game lasted 00:15:56 (9948 turns).

experimilk the Fighter (Palentonga Abyssal Knight)  Turns: 9948, Time: 00:15:57

Health: -5/80      AC: 17    Str: 26    XL:     9   Next: 40%
Magic:  18/20      EV:  8    Int: 10    God:    Lugonu [***...]
Gold:   234        SH:  5    Dex: 12    Spells: 8/8 levels left

rFire   . . .      SeeInvis +   e - +2 whip (drain)
rCold   . . .      Faith    .   s - +2 buckler
rNeg    . . .      Spirit   .   A - +0 ring mail
rPois   +          Reflect  .   u - +2 hat of the Blessed Realm {rElec rPois MP+9}
rElec   +          Harm     .   t - +0 cloak
rCorr   .          Rampage  .   z - +0 pair of gloves
Will    +....                   (no barding)
Stlth   +.........              (no amulet)
HPRegen 0.23/turn               q - ring of willpower
MPRegen 0.17/turn               C - +6 ring of strength

@: curled up
A: large, rugged brown scales 3, see invisible, deformed body, roll 1, armoured
tail, reflexive curl
a: Rolling Charge, Renounce Religion, Depart the Abyss, Bend Space, Banish


You were on level 6 of the Dungeon.
You worshipped Lugonu.
Lugonu was most pleased with you.
You visited 1 branch of the dungeon, and saw 7 of its levels.
You visited the Abyss 1 time.

You collected 234 gold pieces.

Inventory:

Hand Weapons
 a - a +1 hand axe
 e - a +2 whip of draining (weapon)
 w - the +6 mace "Romacun" {protect, Contam rElec MP-9 Dex+7}
   (You found it on level 4 of the Dungeon)

   It grants its wielder temporary protection when it strikes (+7 to AC).
   Dex:       It affects your dexterity (+7).
   rElec:     It insulates you from electricity.
   MP:        It affects your magic capacity (-9).
   Contam:    It causes magical contamination when unequipped.
Armour
 s - a +2 buckler (worn)
 t - a +0 cloak (worn)
 u - the +2 hat of the Blessed Realm (worn) {rElec rPois MP+9}
   (You found it on level 4 of the Dungeon)

   rElec:     It insulates you from electricity.
   rPois:     It protects you from poison.
   MP:        It affects your magic capacity (+9).
 z - a +0 pair of gloves (worn)
 A - a +0 ring mail (worn)
Jewellery
 q - a ring of willpower (left hand)
 C - a +6 ring of strength (right hand)
Wands
 g - a wand of flame (12)
 l - a wand of charming (5)
Scrolls
 c - 2 scrolls of fog {unknown}
 d - a scroll of summoning {unknown}
 f - a scroll of enchant armour {unknown}
 i - a scroll of noise {unknown}
 j - 3 scrolls of magic mapping {unknown}
 k - 2 scrolls of torment
 o - 5 scrolls of teleportation
 r - a scroll of fear {unknown}
 y - a scroll of vulnerability {unknown}
Potions
 h - a potion of invisibility
 m - 2 potions of heal wounds
 n - a potion of flight
 p - a potion of lignification
 v - a potion of magic
 x - a potion of attraction {unknown}
 B - 3 potions of curing


   Skills:
 + Level 8.9 Fighting
 - Level 3.5(6.5) Axes
 - Level 8.6(9.0) Maces & Flails
 - Level 3.0 Armour
 - Level 0.7 Dodging
 - Level 3.0 Invocations


You had 8 spell levels left.
You didn't know any spells.
Your spell library contained the following spells:

 Spells                   Type           Power      Damage    Failure   Level
 Animate Skeleton         Necr           0%         N/A       58%         1
 Apportation              Tloc           0%         N/A       58%         1
 Summon Small Mammal      Summ           0%         N/A       58%         1
 Inner Flame              Hex/Fire       0%         N/A       91%         3
 Cause Fear               Hex            0%         N/A       100%        4
 Hailstorm                Conj/Ice       0%         3d3       100%        4
 Ice Form                 Ice/Tmut       0%         N/A       100%        4
 Simulacrum               Ice/Necr       0%         N/A       100%        6
 Discord                  Hex            0%         N/A       100%        8


Dungeon Overview and Level Annotations

Branches:
Dungeon (7/15)
 Temple: D:4-7

Altars:
The Shining One

Shops:
D:2 [

Portals:
Bailey: D:7

Annotations:
D:4 1 runed translucent door, Crazy Yiuf


Innate Abilities, Weirdness & Mutations

You are completely covered in rugged brown scales. (AC +3, +7% HP)
You have supernaturally acute eyesight. (SInv)
Armour fits poorly on your strangely shaped body.
You can roll at nearby foes to attack.
You have a long armoured tail.
You curl defensively after being hit. (AC +7*)


Message History

Your tail-slap misses the gnoll.
The gnoll is moderately wounded.
The gnoll hits you but does no damage. Space bends around you!
You blink.
Roll where?
Press: ? - help, Dir - move target, f - gnoll, p - two-headed ogre
Aim: a gnoll, wielding a +0 hand axe (moderately wounded, heavily drained)
You roll forward with a clatter of scales!
You closely miss the gnoll.
The gnoll is moderately wounded.
The two-headed ogre hits you with a +0 giant club.
The two-headed ogre hits you but does no damage.
The gnoll hits you but does no damage. Space bends around you!
You blink.
The gnoll barely misses you. The two-headed ogre barely misses you.
The two-headed ogre hits you with a +0 giant club.
You whack the gnoll!
The gnoll is severely wounded.
You closely miss the gnoll.
The gnoll is severely wounded.
The gnoll hits you with a +0 hand axe.
The two-headed ogre completely misses you.
The two-headed ogre hits you with a +0 giant club.
You hit the gnoll.
The gnoll is almost dead.
You block the gnoll's attack.
You closely miss the gnoll.
The gnoll is almost dead.
The two-headed ogre hits you with a +0 giant club!
* * * LOW HITPOINT WARNING * * *
You block the two-headed ogre's attack. The gnoll hits you but does no damage.
You closely miss the gnoll.
The gnoll is almost dead.
You barely miss the gnoll.
You tail-slap the gnoll, but do no damage.
The gnoll is almost dead.
The two-headed ogre hits you with a +0 giant club!!
* * * LOW HITPOINT WARNING * * *
The two-headed ogre hits you with a +0 giant club!
You die...

##..<..### #.# #.#.#
##...## #.# #.#.# ##.##
#.###..#.
########.#########
#.##..###
.........[.......#
#####.##...#.
########.#######.#
#.........#.# #.# ##.##
#...........#
#.######...###..##.###.###
#........@......##.# #.###
########.gO###.###.# #....
##.## #.# #.# ##### #.#
#.# #.# #.## #.# #<# #..#
#.# #.# ###
##.###.###.#####.. ###
#>....[.........# ..#
##)...>...#######


You could see a two-headed ogre (drained) and a gnoll (drained).

Vanquished Creatures
  Grinder (D:6)
  5 yaks (D:6)
  A steam dragon (D:5)
  Duvessa (D:4)
  A black bear (D:6)
  A sky beast (D:5)
  An ice beast (D:5)
  4 ogres
  4 scorpions
  A wyvern skeleton (D:5)
  Dowan (D:4)
  A centaur zombie (D:4)
  A hound (D:5)
  A jelly (D:6)
  An orc priest (D:5)
  A gnoll shaman (D:6)
  A bullfrog skeleton (D:6)
  Natasha (thrice) (D:4)
  4 iguanas
  A scorpion zombie (D:5)
  2 orc wizards (D:5)
  A hound zombie (D:3)
  5 gnolls (D:6)
  4 adders
  A shadow imp (D:3)
  A white imp (D:6)
  An ufetubus (D:7)
  An adder skeleton (D:4)
  2 worms
  3 dart slugs
  17 orcs
  6 ball pythons
  4 endoplasms
  3 giant cockroaches
  3 goblins
  9 hobgoblins
  4 jackals (D:4)
  7 kobolds
  3 quokkas
  5 bats
  3 frilled lizards
  6 rats
126 creatures vanquished.

Vanquished Creatures (collateral kills)
  An orc (D:5)
1 creature vanquished.

Vanquished Creatures (others)
  A hound (D:5)
1 creature vanquished.

Grand Total: 128 creatures vanquished

Notes
Turn   | Place    | Note
-------+----------+-------------------------------------------
     0 | Abyss:1  | experimilk the Palentonga Abyssal Knight began the quest
                  | for the Orb.
     0 | Abyss:1  | Reached XP level 1. HP: 19/19 MP: 2/2
     0 | Abyss:1  | Found a corrupted altar of Lugonu.
    13 | D:1      | Escaped the Abyss
   508 | D:1      | Reached XP level 2. HP: 24/25 MP: 3/3
  1311 | D:1      | Found a faded altar of an unknown god.
  1651 | D:2      | Found a glowing golden altar of the Shining One.
  1700 | D:2      | Reached ** piety under Lugonu
  1701 | D:2      | Reached XP level 3. HP: 28/28 MP: 4/4
  1725 | D:2      | Found Xudghav's Armour Shoppe.
  2828 | D:3      | Reached XP level 4. HP: 36/39 MP: 5/5
  3640 | D:4      | Noticed Duvessa
  3640 | D:4      | Noticed Dowan
  3756 | D:4      | Reached skill level 1 in Maces & Flails
  3933 | D:4      | Noticed Natasha
  3942 | D:4      | Reached XP level 5. HP: 34/46 MP: 4/6
  3946 | D:4      | Killed Natasha
  3947 | D:4      | Identified the +2 hat of the Blessed Realm {rElec rPois
                  | MP+9}
  4061 | D:4      | Noticed an ogre
  4070 | D:4      | Killed an ogre
  4238 | D:4      | Noticed an ogre
  4243 | D:4      | Killed an ogre
  4244 | D:4      | Reached skill level 5 in Fighting
  4244 | D:4      | Reached XP level 6. HP: 37/54 MP: 7/7
  4627 | D:4      | Noticed Natasha
  4631 | D:4      | Killed Duvessa
  4637 | D:4      | Killed Dowan
  4638 | D:4      | Gained mutation: You curl defensively after being hit. (AC
                  | +7*) [Palentonga growth]
  4638 | D:4      | Reached XP level 7. HP: 45/59 MP: 8/8
  4643 | D:4      | Killed Natasha
  5002 | D:4      | Noticed Natasha
  5010 | D:4      | Killed Natasha
  5011 | D:4      | Reached skill level 5 in Maces & Flails
  5017 | D:4      | Identified the +6 mace "Romacun" {protect, Contam rElec
                  | MP-9 Dex+7}
  5023 | D:4      | Found a runed translucent door.
  5024 | D:4      | Noticed Crazy Yiuf
  5296 | D:5      | Entered Level 5 of the Dungeon
  5490 | D:5      | Noticed a steam dragon
  5807 | D:4      | Reached *** piety under Lugonu
  6569 | D:5      | Killed a steam dragon
  6578 | D:5      | Reached XP level 8. HP: 10/68 MP: 10/10
  8546 | D:6      | Reached XP level 9. HP: 56/77 MP: 11/11
  9003 | D:6      | Noticed Grinder
  9014 | D:6      | Paralysed by Grinder for 5 turns
  9024 | D:6      | Killed Grinder
  9147 | D:6      | Identified the +1 quarterstaff of the Vestibule of Hell
                  | {holy, Drain rF- rN+++ Str+6}
  9567 | D:7      | Found a flagged portal.
  9569 | D:7      | Noticed a two-headed ogre
  9948 | D:6      | HP: 2/80 [two-headed ogre/+0 giant club (19)]
  9948 | D:6      | Slain by a two-headed ogre

Illustrated notes

Levels and vault maps discovered:
D:1:      matt_arrival_spirals, layout_loops_ring,
          shapermc_ecumenical_altar_petra
D:2:      layout_rooms, serial_shops, nicolae_lakefront_shop, basic_altar,
          ebering_dispersal_statue_hall
D:3:      layout_loops_ring, minmay_misc_feat_rows
D:4:      layout_rooms, uniq_crazy_yiuf_cottage, uniq_natasha, uniq_duvessa
D:5:      layout_cave_pools
D:6:      layout_loops_ring, small_statue_intersection, minmay_diced_spiral,
          uniq_grinder
D:7:      layout_loops_ring, minmay_temple_entry_stoned_glass,
          lightli_bailey_entry_fortress, nicolae_elevator_lobby_asterisk,
          uniq_pikel

Skill      XL: |  1  2  3  4  5  6  7  8  9 |
---------------+----------------------------+-----
Axes           | 3 |  3.5
Fighting       | 4 5 6 7 8 |  8.9
Maces & Flails | 1 3 4 6 8 |  8.6
Armour         | 2 3 |  3.0
Invocations    | 3 |  3.0
Dodging        | |  0.7

Action                   |  1- 3 |  4- 6 |  7- 9 || total
-------------------------+-------+-------+-------++-------
Melee: Hand axe          |    46 |       |       ||    46
       Tailslap          |     5 |     5 |    31 ||    41
       Whip              |    61 |    75 |   285 ||   421
Invok: Bend Space        |       |     7 |    14 ||    21
       Banish            |       |       |     1 ||     1
 Abil: Rolling Charge    |       |    15 |    40 ||    55
Evoke: Wand              |       |    11 |    10 ||    21
  Use: Scroll            |     2 |     3 |     6 ||    11
       Potion            |       |     2 |       ||     2
Armor: Leather armour    |    44 |    25 |    15 ||    84
       Ring mail         |       |       |   106 ||   106
Dodge: Dodged            |    42 |    27 |   105 ||   174
Block: Buckler           |       |     6 |    60 ||    66
